 Dungeon Sprint DCSS version 0.25-a0-731-g0472a16d6a (webtiles) character file.

Game seed: 11850542296682425551, levelgen mode: deterministic

25 BillyBuyo the Magician (level 2, 0/22 HPs)
             Began as a Deep Elf Wizard on Apr 9, 2020.
             Slain by a centaur (3 damage)
             ... in the Dungeon (Sprint IX: "|||||||||||||||||||||||||||||").
             The game lasted 00:01:59 (268 turns).

BillyBuyo the Magician (Deep Elf Wizard)             Turns: 268, Time: 00:02:00

Health: 0/22       AC:  2    Str:  4    XL:     2   Next: 86%
Magic:  9/12       EV: 13    Int: 22    God:
Gold:   0          SH:  0    Dex: 13    Spells: 15/16 levels left

rFire    . . .     SeeInvis .   (no weapon)
rCold    . . .     Gourm    .   (no shield)
rNeg     . . .     Faith    .   a - +0 robe
rPois    .         Spirit   .   b - +0 hat
rElec    .         Reflect  .   (no cloak)
rCorr    .         Harm     .   (no gloves)
MR       .....     NoTele   +   (no boots)
Stlth    ..........             (no amulet)
HPRegen  0.07/turn              (no ring)
MPRegen  0.13/turn              (no ring)

@: berserking, very quick
A: no striking features
a: no special abilities


You were in the Dungeon.
You were not hungry.

You visited 1 branch

Inventory:

Armour
 a - a +0 robe (worn)
 b - a +0 hat (worn)
Scrolls
 j - a scroll of blinking
Potions
 e - a potion of curing
 f - a potion of heal wounds
 g - a potion of haste
Comestibles
 d - a ration


   Skills:
 + Level 3.3 Dodging
 + Level 3.2 Stealth
 + Level 7.9 Spellcasting
 + Level 2.0 Conjurations
   Level 1.1 Summonings
   Level 1.1 Translocations


You had 15 spell levels left.
You knew the following spells:

 Your Spells              Type           Power        Failure   Level  Hunger
a - Magic Dart            Conj           ###.         3%          1    None

Your spell library contained the following spells:

 Spells                   Type           Power        Failure   Level  Hunger
 Blink                    Tloc           N/A          8%          2    None
 Call Imp                 Summ           ##......     8%          2    None
 Slow                     Hex            #.......     12%         2    None
 Conjure Flame            Conj/Fire      ##......     16%         3    None
 Mephitic Cloud           Conj/Pois/Air  ##......     17%         3    None


Dungeon Overview and Level Annotations

Branches:
Dungeon (1/1)

Altars:


Message History

You feel a strong urge to attack something.
The centaur unwields a +0 shortbow.
The centaur hits you.
There is an open door, spattered with blood here.
You completely miss the centaur. The centaur closely misses you.
You barely miss the centaur. The centaur completely misses you.
You closely miss the centaur. The centaur barely misses you.
You punch the centaur!
The centaur is heavily wounded.
The centaur misses you.
You closely miss the centaur.
The centaur is heavily wounded.
The centaur hits you.
You barely miss the centaur.
The centaur is heavily wounded.
The centaur hits you.
* * * LOW HITPOINT WARNING * * *
You hit the centaur.
The centaur is severely wounded.
The centaur hits you.
You die...

▓+▓
▓.▓
▓.▓
▓.▓
▓o▓
▓c▓
▓@▓
▓[▓
▓.▓
▓.▓
▓.▓
▓)▓
▓(▓
▓.▓
▓.▓


You could see a centaur and an orc.

Vanquished Creatures
  2 adders (D)
  An orc (D)
  A goblin (D)
  A hobgoblin (D)
  A kobold (D)
  A bat (D)
  A rat (D)
8 creatures vanquished.

Notes
Turn   | Place    | Note
-------+----------+-------------------------------------------
     0 | D        | BillyBuyo the Deep Elf Wizard began the quest for the Orb.
     0 | D        | Reached XP level 1. HP: 10/10 MP: 7/7
    12 | D        | Reached skill level 5 in Spellcasting
    19 | D        | Reached skill level 6 in Spellcasting
   240 | D        | Noticed a centaur
   243 | D        | Reached skill level 7 in Spellcasting
   243 | D        | Reached XP level 2. HP: 15/15 MP: 7/12
   268 | D        | Slain by a centaur

Levels and vault maps discovered:
D:        linesprint [early_d, line_temple, items_1, d_10, items_2, lair_1,
          lair_end, items_3, orc_1, orc_end, items_4, d_15, swamp_1, shoals_1,
          snake_1, spider_1, d_20, vaults_1, items_5, swamp_end, shoals_end,
          snake_end, spider_end, vaults_end, d_27, items_6, zot_1, zot_end,
          crypt_end, forest_end, elf_end, slime_end, tomb_end, abyss_end,
          pan_hell_end]

Skill      XL: |  1  2 |
---------------+-------+-----
Spellcasting   | 7 |  7.9
Dodging        | 3 |  3.3
Stealth        | 3 |  3.2
Conjurations   | 2 |  2.0
Summonings     | |  1.1
Translocations | |  1.1

Action                   || total
-------------------------++-------
Melee: Unarmed           ||     7
 Cast: Magic Dart        ||    29
  Use: Potion            ||     3
Armor: Robe              ||     3
Dodge: Dodged            ||    23

Table legend:
 A = Non-vault XP
 B = Vault XP
 C = Vault XP percentage of total XP
 D = Non-vault monster count
 E = Vault monster count
 F = Vault count percentage of total count
                 A         B        C        D         E       F
            +---------+---------+-------+---------+---------+-------
      Total |       0 |      37 | 100.0 |       0 |       8 | 100.0
            +---------+---------+-------+---------+---------+-------
          D |       0 |      37 | 100.0 |       0 |       8 | 100.0
            +---------+---------+-------+---------+---------+-------
